 Dungeon Crawl Stone Soup version 0.30.1-11-g7821555f0a (webtiles) character file.

Game seed: 13005240815696177810

1106 Okkudo the Cleaver (level 8, -8/73 HPs)
             Began as a Hill Orc Monk on Dec 8, 2023.
             Was a Believer of Beogh.
             Mangled by an orc warrior
             ... wielding a +0 dire flail
              (13 damage)
             ... on level 6 of the Dungeon.
             The game lasted 00:14:15 (4884 turns).

Okkudo the Cleaver (Hill Orc Monk)                  Turns: 4884, Time: 00:14:16

Health: -8/73      AC: 11    Str: 16    XL:     8   Next: 33%
Magic:  8/8        EV:  9    Int: 10    God:    Beogh [**....]
Gold:   387        SH:  0    Dex: 19    Spells: 7/7 levels left

rFire   + . .        h - +3 war axe
rCold   . . .        d - orb {light}
rNeg    . . .        y - +2 chain mail {rF+}
rPois   .            x - +0 helmet
rElec   .            D - scarf {repulsion}
rCorr   .            (no gloves)
SInv    .            (no boots)
Will    .....        (no amulet) Stlth
                     m - ring of wizardry
HPRegen 0.32/turn    B - +6 ring of dexterity
MPRegen 0.11/turn

%: repel missiles, wizardry (x1)
@: glowing
A: no striking features
a: Renounce Religion, Smiting


You were on level 6 of the Dungeon.
You worshipped Beogh.
Beogh was pleased with you.
You visited 1 branch of the dungeon, and saw 6 of its levels.

You collected 387 gold pieces.

Inventory:

Hand Weapons
 h - a +3 war axe (weapon)
 A - the +5 dagger "Ocseguqa" {protect, rF+ Will+ Str+3}
   (You found it on level 3 of the Dungeon)

   Str:       It affects your strength (+3).
   rF:        It protects you from fire.
   Will:      It increases your willpower.
Missiles
 a - 6 poisoned darts (quivered)
 p - a throwing net
Armour
 d - an orb of light (worn)
 s - a +0 cloak
 x - a +0 helmet (worn)
 y - a +2 chain mail of fire resistance (worn)
 D - a scarf of repulsion (worn)
 E - the +1 robe of Xoher {rElec}
   (You found it on level 5 of the Dungeon)

   rElec:     It insulates you from electricity.
Jewellery
 m - a ring of wizardry (left hand)
 B - a +6 ring of dexterity (right hand)
 I - an amulet of regeneration
Wands
 w - a wand of quicksilver (12)
Scrolls
 b - 4 scrolls of teleportation
 i - 2 scrolls of poison {unknown}
 j - 2 scrolls of enchant weapon {unknown}
 k - a scroll of blinking {unknown}
 l - a scroll of summoning {unknown}
 o - 3 scrolls of identify {unknown}
 r - 2 scrolls of magic mapping {unknown}
 t - 2 scrolls of enchant armour {unknown}
 u - a scroll of noise {unknown}
 v - a scroll of torment {unknown}
 z - 2 scrolls of amnesia {unknown}
 C - a scroll of brand weapon {unknown}
 F - a scroll of fog {unknown}
 G - a scroll of immolation {unknown}
Potions
 c - a potion of flight {unknown}
 e - 2 potions of haste {unknown}
 f - 2 potions of magic
 g - 2 potions of lignification {unknown}
 n - 4 potions of brilliance {unknown}
 q - 3 potions of curing {unknown}
 H - 2 potions of attraction {unknown}


   Skills:
 + Level 7.6 Fighting
 + Level 8.2 Axes
 + Level 5.1 Dodging


You had 7 spell levels left.
You didn't know any spells.
Your spell library contained the following spells:

 Spells                   Type           Power      Damage    Failure   Level
 Summon Small Mammal      Summ           0%         N/A       89%         1
 Call Canine Familiar     Summ           0%         N/A       99%         3
 Summon Guardian Golem    Hex/Summ       0%         N/A       99%         3


Dungeon Overview and Level Annotations

Branches:
Dungeon (6/15)
 Temple: D:4-7

Altars:

Shops:
D:2 [*(*


Message History

The orc warrior closely misses you.
The orc wizard hits you with a +0 dagger.
The orc warrior hits you with a +0 dire flail!
The orc wizard casts a spell at you.
The puff of flame hits you but does no damage.
The orc warrior attacks as you move away!
The orc warrior barely misses you.
You hit the orc warrior.
The orc warrior is lightly wounded.
The orc warrior closely misses you.
You hit the orc warrior.
The orc warrior is moderately wounded.
The orc warrior hits you with a +0 dire flail!
You hit the orc warrior.
The orc warrior is moderately wounded.
The orc warrior hits you with a +0 dire flail.
You hit the orc warrior but do no damage.
The orc warrior is moderately wounded.
The orc warrior barely misses you.
You hit the orc warrior.
The orc warrior is heavily wounded.
The orc warrior hits you with a +0 dire flail!
You hit the orc warrior but do no damage.
The orc warrior is heavily wounded.
The orc warrior barely misses you.
You hit the orc warrior but do no damage.
The orc warrior is heavily wounded.
The orc warrior hits you with a +0 dire flail!
* * * LOW HITPOINT WARNING * * *
You barely miss the orc warrior.
The orc warrior is heavily wounded.
The orc warrior hits you with a +0 dire flail.
* * * LOW HITPOINT WARNING * * *
The orc warrior attacks as you move away!
The orc warrior hits you with a +0 dire flail!
* * * LOW HITPOINT WARNING * * *
It was a potion of magic.
Magic courses through your body.
The orc warrior hits you with a +0 dire flail!
You die...
Beogh appreciates the orc warrior's killing of a heretic priest.

########## ...ooo.o.#
.#######o# #o# #o#
##@## #...# #...#
#...## #....# #....#
#..).##############
#..................
####....##############


You could see an orc warrior, an orc wizard (invisible) and 2 orcs.

Vanquished Creatures
  Edmund (D:5)
  A black bear (D:5)
  A centaur (D:6)
  A phantom (D:5)
  A scorpion (D:5)
  4 hounds
  3 orc priests (D:6)
  4 jellies
  Jessica (D:2)
  2 iguanas
  2 orc wizards
  4 gnolls (D:4)
  8 adders
  A shadow imp (D:6)
  A white imp (D:6)
  An ufetubus (D:5)
  7 worms
  2 dart slugs (D:2)
  16 orcs
  5 bats
  5 endoplasms
  A giant cockroach (D:2)
  8 goblins
  6 hobgoblins
  4 jackals (D:1)
  3 kobolds
  5 quokkas
  7 ball pythons
  7 rats
112 creatures vanquished.

Vanquished Creatures (others)
  An orc wizard (D:6)
  6 orcs (D:6)
7 creatures vanquished.

Grand Total: 119 creatures vanquished

Notes
Turn   | Place    | Note
-------+----------+-------------------------------------------
     0 | D:1      | Okkudo the Hill Orc Monk began the quest for the Orb.
     0 | D:1      | Reached XP level 1. HP: 19/19 MP: 1/1
   220 | D:1      | Reached XP level 2. HP: 27/27 MP: 2/2
  1003 | D:2      | Reached XP level 3. HP: 33/33 MP: 3/3
  1034 | D:2      | Found Ipticr Bisu's Assorted Antiques.
  1125 | D:2      | Noticed Jessica
  1132 | D:2      | Killed Jessica
  1159 | D:2      | Reached skill level 5 in Axes
  1159 | D:2      | Reached XP level 4. HP: 27/41 MP: 4/4
  1261 | D:2      | Found Plog's Assorted Antiques.
  1331 | D:2      | Found Qecut's Armour Emporium.
  1374 | D:2      | Found Siresm's Antique Weapon Shoppe.
  1462 | D:2      | Reached XP level 5. HP: 44/47 MP: 5/5
  1787 | D:3      | Reached skill level 5 in Fighting
  2591 | D:3      | Identified the +5 dagger "Ocseguqa" {protect, rF+ Will+
                  | Str+3}
  2740 | D:4      | Reached XP level 6. HP: 54/56 MP: 6/6
  2742 | D:4      | Reached skill level 6 in Axes
  3445 | D:5      | Entered Level 5 of the Dungeon
  3446 | D:5      | Identified the +1 robe of Xoher {rElec}
  3457 | D:5      | Reached XP level 7. HP: 63/63 MP: 7/7
  3542 | D:5      | Reached skill level 7 in Axes
  3747 | D:5      | Noticed Edmund
  4216 | D:5      | Killed Edmund
  4217 | D:5      | Reached XP level 8. HP: 18/73 MP: 8/8
  4401 | D:6      | Became a worshipper of Beogh the Brigand
  4401 | D:6      | Reached * piety under Beogh
  4401 | D:6      | Reached ** piety under Beogh
  4607 | D:6      | Reached skill level 8 in Axes
  4607 | D:6      | Reached skill level 5 in Dodging
  4884 | D:6      | Mangled by an orc warrior

Illustrated notes

Levels and vault maps discovered:
D:1:      amcnicky_arrival_abandoned_market, layout_basic, serial_bayou_lagoon_a
D:2:      layout_loops_ring, serial_shops, nicolae_shop_overgrown_old_shop,
          shop, shop, shop, uniq_jessica
D:3:      minmay_bubble_buster, layout_basic, minmay_gold_behind_fungi
D:4:      layout_loops_ring, chequers_hall_statues_wall_a
D:5:      layout_rooms, nicolae_wormholes, uniq_edmund
D:6:      layout_basic, temple_hall, uniq_menkaure, uniq_prince_ribbit1

Skill      XL: |  1  2  3  4  5  6  7  8 |
---------------+-------------------------+-----
Fighting       | 4 5 6 7 |  7.6
Dodging        | 3 4 5 |  5.1
Axes           | 5 6 7 8 |  8.2

Action                     |  1- 3 |  4- 6 |  7- 9 || total
---------------------------+-------+-------+-------++-------
  Melee: Hand axe          |    12 |       |       ||    12
         War axe           |    43 |   123 |   100 ||   266
 Invoke: Convert to Beogh  |       |       |     1 ||     1
    Use: Scroll            |       |       |     2 ||     2
         Potion            |       |       |     2 ||     2
 Armour: Leather armour    |    14 |     8 |       ||    22
         Robe              |     1 |       |       ||     1
         Chain mail        |       |    33 |    48 ||    81
         Ring mail         |       |    10 |       ||    10
  Dodge: Dodged            |    37 |    74 |    48 ||   159
         Repelled          |       |       |     1 ||     1
